TOP OF THE 1ST |
Northville Eclipse batting - Pitching for Minnesota Loons : RHP Dionísio Zagallo
|
Pitching: RHP Dionísio Zagallo
|
|
Batting: LHB Scott Willis
|
0-0: Called Strike 0-1: Swinging Strike 0-2: Ball 1-2: Ground out 3-1 (Groundball, 13, EV 87.5 MPH)
|
Batting: LHB Javier Caballero
|
0-0: Ball 1-0: Fly out, F8 (Flyball, 8RXD, EV 97.5 MPH)
|
Batting: RHB Ricardo Alejo
|
0-0: Foul Ball, location: 2F 0-1: Ball 1-1: Ball 2-1: DOUBLE (Flyball, 8RXD, EV 109.4 MPH)
|
Batting: LHB Edward White
|
0-0: Ball 1-0: Ball 2-0: Ball 3-0: Called Strike 3-1: Base on Balls
|
Batting: RHB Cate McMahon
|
0-0: Called Strike 0-1: DOUBLE (Line Drive, 7LM, EV 110.0 MPH) Ricardo Alejo scores Edward White to third
|
Batting: LHB Sergio Rivera
|
0-0: Called Strike 0-1: Ball 1-1: Ground out 1-3 (Groundball, 34S, EV 61.2 MPH)
|
Top of the 1st over - 1 run, 2 hits, 0 errors, 2 left on base; Northville 1 - Minnesota 0 |
BOTTOM OF THE 1ST |
Minnesota Loons batting - Pitching for Northville Eclipse : RHP Matt Jones
|
Pitching: RHP Matt Jones
|
|
Batting: RHB Zi-xing Juan
|
0-0: Ball 1-0: Ball 2-0: Foul Ball, location: 2F 2-1: SINGLE (Groundball, 6MD, EV 106.9 MPH)
|
Batting: RHB Miguel Flores
|
0-0: Ground out 6-3 (Groundball, 6, EV 110.6 MPH) Zi-xing Juan to second
|
Batting: LHB Thomas Inge
|
0-0: Ball 1-0: Foul Ball, location: 2F 1-1: Ball 2-1: Ball 3-1: Base on Balls
|
Batting: RHB Ray Stanfield
|
0-0: Ball 1-0: Ball 2-0: Fly out, F7 (Flyball, 7, EV 81.2 MPH)
|
Batting: LHB Antoine Mercier
|
0-0: Ball 1-0: Swinging Strike 1-1: Ball 2-1: SINGLE (Flyball, 89S, EV 87.5 MPH) Zi-xing Juan to third Thomas Inge to second Runner from 3rd tries for Home, SAFE, throw by RF to home
|
Batting: RHB Jorge Gavilanes
|
0-0: Called Strike 0-1: Ball 1-1: Foul Ball, location: 2F 1-2: Ball 2-2: Strikes out swinging
|
Bottom of the 1st over - 1 run, 2 hits, 0 errors, 2 left on base; Northville 1 - Minnesota 1 |
TOP OF THE 2ND |
Northville Eclipse batting - Pitching for Minnesota Loons : RHP Dionísio Zagallo
|
Batting: RHB Zhang Kan
|
0-0: Ball 1-0: Ball 2-0: Foul Ball, location: 2F 2-1: Swinging Strike 2-2: Foul Ball, location: 2F 2-2: Foul Ball, location: 2F 2-2: Fly out, F7 (Flyball, 7S, EV 81.2 MPH)
|
Batting: RHB Ming Que
|
0-0: Called Strike 0-1: Fly out, F9 (Line Drive, 89S, EV 87.5 MPH)
|
Batting: RHB Paolo Roelands
|
0-0: Ground out 6-3 (Groundball, 6, EV 101.2 MPH)
|
Top of the 2nd over - 0 runs, 0 hits, 0 errors, 0 left on base; Northville 1 - Minnesota 1 |
BOTTOM OF THE 2ND |
Minnesota Loons batting - Pitching for Northville Eclipse : RHP Matt Jones
|
Batting: RHB Rob Ott
|
0-0: Ball 1-0: Ground out 6-3 (Groundball, 6, EV 101.9 MPH)
|
Batting: SHB Pedro Gaetan
|
0-0: Foul Ball, location: 2F 0-1: Swinging Strike 0-2: SINGLE (Groundball, 3D, EV 97.5 MPH)
|
Batting: RHB César Núñez
|
0-0: Swinging Strike 0-1: Swinging Strike 0-2: Strikes out swinging
|
Batting: RHB Zi-xing Juan
|
0-0: Ball 1-0: Swinging Strike 1-1: Ball 2-1: Ball 3-1: Foul Ball, location: 2F 3-2: Fly out, F8 (Flyball, 8LD, EV 108.8 MPH)
|
Bottom of the 2nd over - 0 runs, 1 hit, 0 errors, 1 left on base; Northville 1 - Minnesota 1 |
TOP OF THE 3RD |
Northville Eclipse batting - Pitching for Minnesota Loons : RHP Dionísio Zagallo
|
Batting: LHB Scott Willis
|
0-0: Ball 1-0: Called Strike 1-1: Foul Ball, location: 2F 1-2: Ball 2-2: Foul Ball, location: 2F 2-2: Foul Ball, location: 2F 2-2: Ground out 4-3 (Groundball, 4MS, EV 81.9 MPH)
|
Batting: LHB Javier Caballero
|
0-0: Ground out 4-3 (Groundball, 4, EV 84.4 MPH)
|
Batting: RHB Ricardo Alejo
|
0-0: Ball 1-0: Called Strike 1-1: Foul Ball, location: 2F 1-2: Single, Error in OF, E9, batter to second base (Line Drive, 9S, EV 105.0 MPH)
|
Batting: LHB Edward White
|
0-0: Foul Ball, location: 2F 0-1: Ball 1-1: Foul Ball, location: 2F 1-2: Fly out, F8 (Line Drive, 8LM, EV 97.5 MPH)
|
Top of the 3rd over - 0 runs, 1 hit, 1 error, 1 left on base; Northville 1 - Minnesota 1 |
BOTTOM OF THE 3RD |
Minnesota Loons batting - Pitching for Northville Eclipse : RHP Matt Jones
|
Batting: RHB Miguel Flores
|
0-0: Ball 1-0: Called Strike 1-1: Ground out 4-3 (Groundball, 4, EV 86.9 MPH)
|
Batting: LHB Thomas Inge
|
0-0: Called Strike 0-1: Foul Ball, location: 2F 0-2: Ball 1-2: Strikes out swinging
|
Batting: RHB Ray Stanfield
|
0-0: Swinging Strike 0-1: Swinging Strike 0-2: Strikes out swinging, 2-3 out at first.
|
Bottom of the 3rd over - 0 runs, 0 hits, 0 errors, 0 left on base; Northville 1 - Minnesota 1 |
TOP OF THE 4TH |
Northville Eclipse batting - Pitching for Minnesota Loons : RHP Dionísio Zagallo
|
Batting: RHB Cate McMahon
|
0-0: Called Strike 0-1: DOUBLE (Line Drive, 89D, EV 112.5 MPH)
|
Batting: LHB Sergio Rivera
|
0-0: Ground out 1-3 (Groundball, P, EV 70.6 MPH) Cate McMahon to third
|
Batting: RHB Zhang Kan
|
0-0: Called Strike 0-1: Ball 1-1: Ball 2-1: SINGLE (Line Drive, 34D, EV 93.8 MPH) Cate McMahon scores
|
Batting: RHB Ming Que
|
0-0: Ball 1-0: Ball 2-0: Ball 3-0: Base on Balls Zhang Kan to second
|
Batting: RHB Paolo Roelands
|
0-0: Called Strike 0-1: Swinging Strike 0-2: Strikes out looking
|
Batting: LHB Scott Willis
|
0-0: Called Strike 0-1: Ball 1-1: Swinging Strike 1-2: Foul Ball, location: 2F 1-2: Foul Ball, location: 2F 1-2: Ball 2-2: Foul Ball, location: 2F 2-2: Foul Ball, location: 2F 2-2: Ground out 5-3 (Groundball, 56S, EV 81.2 MPH)
|
Top of the 4th over - 1 run, 2 hits, 0 errors, 2 left on base; Northville 2 - Minnesota 1 |
BOTTOM OF THE 4TH |
Minnesota Loons batting - Pitching for Northville Eclipse : RHP Matt Jones
|
Batting: LHB Antoine Mercier
|
0-0: Ball 1-0: Ball 2-0: Ball 3-0: Base on Balls
|
Batting: RHB Jorge Gavilanes
|
0-0: Ball 1-0: Fly out, F9 (Line Drive, 9LM, EV 103.8 MPH)
|
Batting: RHB Rob Ott
|
0-0: Ball 1-0: Ball 2-0: Called Strike 2-1: Ball 3-1: Fly out, F7 (Flyball, 7D, EV 105.0 MPH)
|
Batting: SHB Pedro Gaetan
|
0-0: Ball 1-0: Ball 2-0: Ball 3-0: Foul Ball, location: 2F 3-1: Foul Ball, location: 2F 3-2: Strikes out swinging
|
Bottom of the 4th over - 0 runs, 0 hits, 0 errors, 1 left on base; Northville 2 - Minnesota 1 |
TOP OF THE 5TH |
Northville Eclipse batting - Pitching for Minnesota Loons : RHP Dionísio Zagallo
|
Batting: LHB Javier Caballero
|
0-0: Called Strike 0-1: Ball 1-1: Ball 2-1: Ball 3-1: Called Strike 3-2: Strikes out swinging
|
Batting: RHB Ricardo Alejo
|
0-0: Called Strike 0-1: Foul Ball, location: 2F 0-2: Ball 1-2: Ball 2-2: Strikes out swinging
|
Batting: LHB Edward White
|
0-0: Fly out, F6 (Popup, 15S, EV 92.5 MPH)
|
Top of the 5th over - 0 runs, 0 hits, 0 errors, 0 left on base; Northville 2 - Minnesota 1 |
BOTTOM OF THE 5TH |
Minnesota Loons batting - Pitching for Northville Eclipse : RHP Matt Jones
|
Batting: RHB César Núñez
|
0-0: Ball 1-0: Ball 2-0: Called Strike 2-1: Ball 3-1: Foul Ball, location: 2F 3-2: Fly out, F9 (Flyball, 89S, EV 90.0 MPH)
|
Batting: RHB Zi-xing Juan
|
0-0: Foul Ball, location: 2F 0-1: SINGLE (Groundball, 15S, EV 71.9 MPH) (infield hit)
|
Batting: RHB Miguel Flores
|
0-0: Ball 1-0: Foul Ball, location: 2F 1-1: Ground out 5-3 (Groundball, 5S, EV 86.2 MPH) Zi-xing Juan to second
|
Batting: LHB Thomas Inge
|
0-0: Foul Ball, location: 2F 0-1: Fly out, F8 (Flyball, 89M, EV 83.1 MPH)
|
Bottom of the 5th over - 0 runs, 1 hit, 0 errors, 1 left on base; Northville 2 - Minnesota 1 |
TOP OF THE 6TH |
Northville Eclipse batting - Pitching for Minnesota Loons : RHP Dionísio Zagallo
|
Batting: RHB Cate McMahon
|
0-0: Foul Ball, location: 2F 0-1: Swinging Strike 0-2: Foul Ball, location: 2F 0-2: Ball 1-2: Strikes out swinging
|
Batting: LHB Sergio Rivera
|
0-0: Called Strike 0-1: Ground out 4-3 (Groundball, 4, EV 93.8 MPH)
|
Batting: RHB Zhang Kan
|
0-0: SINGLE (Groundball, 5D, EV 95.0 MPH)
|
Batting: RHB Ming Que
|
0-0: Swinging Strike 0-1: Fly out, F9 (Flyball, 89S, EV 75.0 MPH)
|
Top of the 6th over - 0 runs, 1 hit, 0 errors, 1 left on base; Northville 2 - Minnesota 1 |
BOTTOM OF THE 6TH |
Minnesota Loons batting - Pitching for Northville Eclipse : RHP Matt Jones
|
Batting: RHB Ray Stanfield
|
0-0: Ground out 5-3 (Groundball, 5, EV 88.8 MPH)
|
Batting: LHB Antoine Mercier
|
0-0: Called Strike 0-1: Foul Ball, location: 2F 0-2: Strikes out swinging
|
Batting: RHB Jorge Gavilanes
|
0-0: Ball 1-0: Fly out, F4 (Popup, 4M, EV 65.0 MPH)
|
Bottom of the 6th over - 0 runs, 0 hits, 0 errors, 0 left on base; Northville 2 - Minnesota 1 |
TOP OF THE 7TH |
Northville Eclipse batting - Pitching for Minnesota Loons : RHP Dionísio Zagallo
|
Batting: RHB Paolo Roelands
|
0-0: Ball 1-0: Fly out, F5 (Popup, 5SF, EV 86.9 MPH)
|
Batting: LHB Scott Willis
|
0-0: Ball 1-0: Foul Ball, location: 2F 1-1: Swinging Strike 1-2: Ball 2-2: Ball 3-2: Strikes out swinging
|
Batting: LHB Javier Caballero
|
0-0: Called Strike 0-1: Ball 1-1: Ball 2-1: Swinging Strike 2-2: Strikes out swinging
|
Top of the 7th over - 0 runs, 0 hits, 0 errors, 0 left on base; Northville 2 - Minnesota 1 |
BOTTOM OF THE 7TH |
Minnesota Loons batting - Pitching for Northville Eclipse : RHP Matt Jones
|
Now at 3B: Hedde Roozen
|
|
Batting: RHB Rob Ott
|
0-0: Ball 1-0: Ball 2-0: Ground out 6-3 (Groundball, 56, EV 83.1 MPH)
|
Batting: SHB Pedro Gaetan
|
0-0: Foul Ball, location: 2F 0-1: Foul Ball, location: 2F 0-2: Ball 1-2: Strikes out swinging
|
Batting: RHB César Núñez
|
0-0: Called Strike 0-1: Ball 1-1: Ball 2-1: Called Strike 2-2: Strikes out swinging
|
Bottom of the 7th over - 0 runs, 0 hits, 0 errors, 0 left on base; Northville 2 - Minnesota 1 |
TOP OF THE 8TH |
Northville Eclipse batting - Pitching for Minnesota Loons : RHP Dionísio Zagallo
|
Pitching: LHP Michael Kilshaw
|
|
Batting: RHB Ricardo Alejo
|
0-0: SINGLE (Line Drive, 9LS, EV 98.1 MPH)
|
Batting: LHB Edward White
|
0-0: Ball 1-0: Ball 2-0: Swinging Strike 2-1: Swinging Strike 2-2: Strikes out swinging
|
Batting: RHB Cate McMahon
|
0-0: Ground out 5-3 (Groundball, 56, EV 106.2 MPH) Ricardo Alejo to second
|
Batting: RHB Nicolaas Boom
|
0-0: Ball 1-0: Foul Ball, location: 2F 1-1: Foul Ball, location: 2F 1-2: Strikes out looking
|
Top of the 8th over - 0 runs, 1 hit, 0 errors, 1 left on base; Northville 2 - Minnesota 1 |
BOTTOM OF THE 8TH |
Minnesota Loons batting - Pitching for Northville Eclipse : RHP Matt Jones
|
Pitching: RHP Arturo Gutiérrez
|
|
Batting: RHB Zi-xing Juan
|
0-0: Called Strike 0-1: Ball 1-1: Ball 2-1: Ball 3-1: Base on Balls
|
Batting: RHB Miguel Flores
|
0-0: Sac Bunt to P - play at second, runner OUT! 1-6
|
Batting: LHB Thomas Inge
|
0-0: Foul Ball, location: 2F 0-1: Ball 1-1: 2-RUN HOME RUN (Flyball, 9LD, EV 93.8 MPH), Distance : 345 ft
|
Batting: RHB Ray Stanfield
|
0-0: Ball 1-0: Called Strike 1-1: Swinging Strike 1-2: Ball 2-2: Ball 3-2: Reached on error, E4 (Groundball, 4, EV 105.0 MPH)
|
Batting: LHB Antoine Mercier
|
0-0: Ball 1-0: Ball 2-0: Called Strike 2-1: Ball 3-1: Fly out, F8 (Flyball, 8RM, EV 90.6 MPH)
|
Batting: RHB Jorge Gavilanes
|
0-0: DOUBLE (Line Drive, 89D, EV 105.6 MPH) Ray Stanfield to third
|
Batting: RHB Rob Ott
|
0-0: Called Strike 0-1: Swinging Strike 0-2: Fly out, F5 (Line Drive, 5, EV 63.1 MPH)
|
Bottom of the 8th over - 2 runs, 2 hits, 1 error, 2 left on base; Northville 2 - Minnesota 3 |
TOP OF THE 9TH |
Northville Eclipse batting - Pitching for Minnesota Loons : LHP Michael Kilshaw
|
Now in LF: Juan Guzmán
|
|
Pinch Hitting: RHB Gustavo Cota
|
0-0: Ball 1-0: Called Strike 1-1: Foul Ball, location: 2F 1-2: Fly out, F9 (Flyball, 9, EV 92.5 MPH)
|
Batting: RHB Ming Que
|
0-0: Ground out 6-3 (Groundball, 6S, EV 71.9 MPH)
|
Batting: RHB Paolo Roelands
|
0-0: Ball 1-0: SINGLE (Line Drive, 8RS, EV 87.5 MPH)
|
Batting: LHB Scott Willis
|
0-0: Called Strike 0-1: Swinging Strike 0-2: Ball 1-2: Foul Ball, location: 2F 1-2: Ball 2-2: Strikes out swinging
|
Top of the 9th over - 0 runs, 1 hit, 0 errors, 1 left on base; Northville 2 - Minnesota 3 |
|